 Dungeon Crawl Stone Soup version 0.27.1 (webtiles) character file.

Game seed: 3383395728817157722

4 DuloT34 the Skirmisher (level 1, -1/19 HPs)
             Began as a Ghoul Monk on Aug 26, 2021.
             Slain by a jackal (3 damage)
             ... on level 1 of the Dungeon.
             The game lasted 00:00:22 (74 turns).

DuloT34 the Skirmisher (Ghoul Monk)                   Turns: 74, Time: 00:00:23

Health: -1/19      AC:  2    Str: 14    XL:     1   Next: 60%
Magic:  0/0        EV: 12    Int:  5    God:
Gold:   0          SH:  0    Dex: 11    Spells: 0/0 levels left

rFire    . . .     SeeInvis .     - Unarmed
rCold    + . .     Faith    .   (no shield)
rNeg     + + +     Spirit   .   a - +0 robe
rPois    ∞         Reflect  .   (no helmet)
rElec    .         Harm     .   (no cloak)
rCorr    .         Rampage  .   (no gloves)
Will     .....                  (no boots)
Stlth    ++........             (no amulet)
HPRegen  0.00/turn              (no ring)
MPRegen  0.07/turn              (no ring)

@: inhibited regen
A: claws 1, cold resistance 1, negative energy resistance 3, inhibited
regeneration, torment resistance 2
a: no special abilities


You were on level 1 of the Dungeon.
You visited 1 branch of the dungeon, and saw 1 of its levels.

Inventory:

Armour
 a - a +0 robe (worn)
 c - a +0 leather armour
Potions
 b - a potion of curing {unknown}


   Skills:
 * Level 3.5 Fighting
 + Level 2.7 Dodging
 - Level 2.1 Stealth
 - Level 3.2 Unarmed Combat


You couldn't memorise any spells.
You didn't know any spells.
Your spell library was empty.

Dungeon Overview and Level Annotations

Branches:
Dungeon (1/15)

Altars:


Innate Abilities, Weirdness & Mutations

You thrive by killing the living.
You are immune to poison.
You have sharp fingernails.
Your flesh is cold resistant. (rC+)
You are immune to negative energy. (rN+++)
You do not regenerate when monsters are visible.
You are immune to unholy pain and torment.


Message History

No target in view!
No target in view!
No target in view!
A jackal comes into view.
A jackal is nearby!
A goblin comes into view. It is wielding a +0 dagger.
The goblin shouts!
A bat comes into view.
Found a hand axe.
You see here a +0 leather armour.
c - a +0 leather armour The jackal bites you.
You closely miss the jackal. The jackal bites you.
You barely miss the bat. Your claw misses the bat.
The bat hits you but does no damage.
The jackal bites you but does no damage.
You closely miss the jackal. The jackal barely misses you.
The bat barely misses you. The goblin hits you with a +0 dagger.
You scratch the goblin.
The goblin is severely wounded.
The bat barely misses you. The bat hits you but does no damage.
The jackal barely misses you. The goblin closely misses you.
The jackal closely misses you.
You closely miss the jackal. The bat hits you. The bat completely misses you.
The jackal bites you. The goblin hits you with a +0 dagger.
You closely miss the goblin.
The goblin is severely wounded.
The bat barely misses you. The jackal bites you. The goblin barely misses you.
You are too injured to fight recklessly!
You are too injured to fight recklessly!
The jackal barely misses you. x2; The bat barely misses you.
The bat hits you. The jackal bites you.
* * * LOW HITPOINT WARNING * * *
The jackal bites you.
* * * LOW HITPOINT WARNING * * *
The jackal closely misses you. The goblin hits you with a +0 dagger.
* * * LOW HITPOINT WARNING * * *
You scratch the jackal but do no damage.
The jackal bites you.
You die...

####..# ##.........
.....# #..........
<...## #..........
...##. #..........
....... #.....)...
.......( #...# ......##
###b..# .....## ##.#hg.#
.##### #...@..# ##
###...#.##
#######....##.#
#####...#..####...######
#.#..##..### ##........#
.......### #.######.#
.####...... #.#
..#####..... #.# .#.#
###.. ...


You could see a jackal, a goblin and a bat.

Vanquished Creatures
  An endoplasm (D:1)
  2 giant cockroaches (D:1)
3 creatures vanquished.

Notes
Turn   | Place    | Note
-------+----------+-------------------------------------------
     0 | D:1      | DuloT34 the Ghoul Monk began the quest for the Orb.
     0 | D:1      | Reached XP level 1. HP: 19/19 MP: 0/0
    74 | D:1      | Slain by a jackal

Illustrated notes

Levels and vault maps discovered:
D:1:      dpeg_arrival_arbitrary_a, layout_loops_cross,
          hangedman_decor_slide_cut

Action                   || total
-------------------------++-------
Melee: Unarmed           ||    13
       Punch             ||     1
Armor: Robe              ||     5
Dodge: Dodged            ||    18
